 Dungeon Crawl Stone Soup version 0.26-a0-663-g36e8fdb655 (webtiles) character file.

Game seed: 6602987655897613733

296606 robertstho the Sage (level 20, -4/158 HPs)
             Began as a Gnoll Conjurer on Oct 9, 2020.
             Was a High Priest of Sif Muna.
             Slain by a deep elf archer
             ... wielding a +0 dagger
              (14 damage)
             ... on level 2 of the Vaults on Oct 12, 2020.
             The game lasted 04:02:10 (52308 turns).

robertstho the Sage (Gnoll Conjurer)               Turns: 52308, Time: 04:02:11

Health: -4/158     AC: 17    Str: 10      XL:     20   Next: 91%
Magic:  6/56       EV: 23    Int: 28 (30) God:    Sif Muna [*****.]
Gold:   1708       SH:  0    Dex: 17      Spells: 8/47 levels left

rFire    . . .     SeeInvis +   p - staff of conjuration
rCold    + . .     Faith    .   (no shield)
rNeg     + . .     Spirit   .   B - +2 robe {rC+}
rPois    +         Reflect  .   s - +2 helmet {SInv}
rElec    .         Harm     .   P - +2 cloak of the Thief {*Fog Slay-2 SInv Stlth+}
rCorr    .         Rampage  .   m - +2 pair of gloves
MR       ++...                  T - +0 pair of boots of Sloth {MP+9 Str-3 Dex+3}
Stlth    +++++++...             r - amulet of magic regeneration
HPRegen  0.36/turn              K - ring of the Morning {rPois rN+ MR+ Int+4}
MPRegen  0.60/turn              U - ring of magical power

@: no status effects
A: distributed training, fangs 1, strong nose
}: 2/15 runes: decaying, serpentine
a: Channel Magic, Forget Spell, Divine Exegesis, Renounce Religion


You were on level 2 of the Vaults.
You worshipped Sif Muna.
Sif Muna was extremely pleased with you.
You visited 7 branches of the dungeon, and saw 34 of its levels.
You also visited: Ice Cave.

You collected 3815 gold pieces.
You spent 2107 gold pieces at shops.

Inventory:

Hand Weapons
 u - a +4 trident of protection
 X - the +1 spear of True Grit {vorpal, rElec Str-3 Dex+2}
   (You found it on level 1 of the Lair of Beasts)

   It inflicts extra damage upon your enemies.
   It affects your strength (-3).
   It affects your dexterity (+2).
   It insulates you from electricity.
Armour
 c - the +1 cloak "Juim" {+Inv rPois rCorr Int-4 SInv}
   (You found it on level 3 of the Snake Pit)

   It affects your intelligence (-4).
   It protects you from poison.
   It lets you see invisible.
   It lets you turn invisible.
   It provides partial protection from all sources of acid and corrosion.
 m - a +2 pair of gloves (worn)
 s - a +2 helmet of see invisible (worn)
 y - a +2 robe of fire resistance
 B - a +2 robe of cold resistance (worn)
 P - the +2 cloak of the Thief (worn) {*Fog Slay-2 SInv Stlth+}
   (You found it in an ice cave)

   It affects your accuracy and damage with ranged weapons and melee attacks
   (-2).
   It lets you see invisible.
   It makes you more stealthy.
 T - the +0 pair of boots of Sloth (worn) {MP+9 Str-3 Dex+3}
   (You bought it in a shop on level 15 of the Dungeon)

   It affects your strength (-3).
   It affects your dexterity (+3).
   It affects your magic capacity (+9).
Magical Staves
 p - an uncursed staff of conjuration (weapon)
Jewellery
 i - an uncursed ring of fire
 r - an amulet of magic regeneration (around neck)
 t - an uncursed ring of flight
 J - an uncursed ring of resist corrosion
 K - the ring of the Morning (left hand) {rPois rN+ MR+ Int+4}
   (You found it on level 6 of the Dungeon)

   [ring of poison resistance]

   It affects your intelligence (+4).
   It protects you from poison.
   It protects you from negative energy.
   It affects your resistance to hostile enchantments.
 M - an uncursed ring of positive energy
 N - the ring of Zyraituo {rC+ Int+3 Dex+5}
   (You acquired it on level 4 of the Swamp)

   [ring of protection from cold]

   It affects your intelligence (+3).
   It affects your dexterity (+5).
   It protects you from cold.
 U - a ring of magical power (right hand)
 Y - an uncursed ring of ice
 Z - an uncursed ring of wizardry
Wands
 D - a wand of iceblast (52)
 E - a wand of digging (2)
 S - a wand of disintegration (32)
 V - a wand of acid (38)
Scrolls
 a - 6 scrolls of identify
 b - 5 scrolls of fog
 d - 9 scrolls of blinking
 e - 10 scrolls of teleportation
 f - 2 scrolls of enchant weapon
 h - 2 scrolls of immolation
 v - a scroll of summoning
 w - 18 scrolls of remove curse
 x - 6 scrolls of enchant armour
 A - 7 scrolls of magic mapping
 O - a scroll of holy word
 Q - 9 scrolls of fear
 R - 2 scrolls of silence
Potions
 g - 13 potions of stabbing
 j - a potion of cancellation
 k - 7 potions of brilliance
 l - 8 potions of flight
 n - 4 potions of resistance
 o - 5 potions of magic
 q - 6 potions of mutation
 C - 3 potions of might
 F - 5 potions of haste
 G - a potion of berserk rage
 H - 14 potions of curing
 L - 2 potions of ambrosia
Miscellaneous
 z - a condenser vane (2/2)
 I - a phantom mirror


   Skills:
 + Level 13.6 Fighting
 + Level 14.2 Short Blades
 + Level 13.6 Long Blades
 + Level 13.6 Axes
 + Level 13.6 Maces & Flails
 + Level 13.6 Polearms
 + Level 13.6 Staves
 + Level 13.6 Slings
 + Level 13.6 Bows
 + Level 13.6 Crossbows
 + Level 13.6 Throwing
 + Level 13.6 Armour
 + Level 14.2 Dodging
 + Level 14.2 Stealth
 + Level 13.6 Shields
 + Level 13.6 Unarmed Combat
 + Level 14.4 Spellcasting
 + Level 13.4 Conjurations
 + Level 11.7 Hexes
 + Level 11.7 Summonings
 + Level 11.7 Necromancy
 + Level 11.7 Translocations
 + Level 11.7 Transmutations
 + Level 11.7 Fire Magic
 + Level 11.7 Ice Magic
 + Level 11.7 Air Magic
 + Level 11.7 Earth Magic
 + Level 11.7 Poison Magic
 + Level 14.7 Invocations
 + Level 13.6 Evocations


You had 8 spell levels left.
You knew the following spells:

 Your Spells              Type           Power        Failure   Level
a - Magic Dart            Conj           ####         0%          1
b - Searing Ray           Conj           ######       0%          2
c - Dazzling Flash        Conj/Hex       ######       1%          3
d - Fulminant Prism       Conj/Hex       #######...   1%          4
e - Iskenderun's Mystic   Conj/Tloc      #######.     1%          4
f - Iskenderun's Battles  Conj           #######.     1%          5
g - Bolt of Magma         Conj/Fire/Erth #######...   1%          5
h - Metabolic Englaciati  Hex/Ice        ######....   1%          5
i - Iron Shot             Conj/Erth      #######...   2%          6
j - Summon Lightning Spi  Summ/Air       ######..     1%          4

Your spell library contained the following spells:

 Spells                   Type           Power        Failure   Level
 Foxfire                  Conj/Fire      ####         0%          1
 Shock                    Conj/Air       ####         0%          1
 Animate Skeleton         Necr           ######       1%          1
 Apportation              Tloc           ######       1%          1
 Corona                   Hex            ######.      1%          1
 Pain                     Necr           ####         1%          1
 Summon Small Mammal      Summ           ####         1%          1
 Blink                    Tloc           N/A          1%          2
 Call Imp                 Summ           ######..     1%          2
 Ensorcelled Hibernation  Hex/Ice        ######       1%          2
 Poisonous Vapours        Pois/Air       ######       1%          2
 Slow                     Hex            ######..     1%          2
 Call Canine Familiar     Summ           ######..     1%          3
 Confusing Touch          Hex            ######..     1%          3
 Conjure Flame            Conj/Fire      #######.     1%          3
 Gell's Gravitas          Tloc           ######....   1%          3
 Ignite Poison            Fire/Tmut/Pois ######..     1%          3
 Lesser Beckoning         Tloc           ######....   1%          3
 Mephitic Cloud           Conj/Pois/Air  #######.     1%          3
 Portal Projectile        Hex/Tloc       ######       1%          3
 Static Discharge         Conj/Air       #######.     1%          3
 Tukima's Dance           Hex            ######..     1%          3
 Ice Form                 Ice/Tmut       ######..     1%          4
 Petrify                  Tmut/Erth      ######..     1%          4
 Agony                    Necr           ######..     1%          5
 Alistair's Intoxication  Tmut/Pois      ######...    1%          5
 Blade Hands              Tmut           ######....   1%          5
 Borgnjor's Vile Clutch   Necr/Erth      ######....   1%          5
 Excruciating Wounds      Necr           ######....   1%          5
 Fireball                 Conj/Fire      #######...   1%          5
 Lightning Bolt           Conj/Air       #######...   1%          5
 Silence                  Hex/Air        ######....   1%          5
 Summon Mana Viper        Hex/Summ       ######..     1%          5
 Yara's Violent Unravell  Hex/Tmut       ######....   1%          5
 Conjure Ball Lightning   Conj/Air       #######...   2%          6
 Freezing Cloud           Conj/Ice/Air   #######...   2%          6
 Starburst                Conj/Fire      #######...   2%          6
 Dispersal                Tloc           ######....   3%          6
 Invisibility             Hex            ######..     3%          6
 Ozocubu's Refrigeration  Ice            ######....   3%          6
 Shadow Creatures         Summ           N/A          3%          6
 Simulacrum               Ice/Necr       ######....   3%          6
 Statue Form              Tmut/Erth      ######...    3%          6
 Orb of Destruction       Conj           #######...   9%          7
 Spellforged Servitor     Conj/Summ      #######...   12%         7
 Summon Hydra             Summ           ######....   17%         7
 Borgnjor's Revivificati  Necr           ######....   80%         8
 Ignition                 Fire           ######....   80%         8
 Infestation              Necr           ######....   80%         8
 Summon Horrible Things   Summ           ######....   80%         8
 Dragon's Call            Summ           ######....   100%        9
 Tornado                  Air            ######....   100%        9


Dungeon Overview and Level Annotations

Branches:
Dungeon (15/15)            Temple (1/1) D:6            Lair (4/6) D:8
  Swamp (4/4) Lair:2        Snake (4/4) Lair:4          Orc (2/2) D:9
    Elf (0/3) Orc:2        Vaults (4/5) D:14          Crypt (0/3) Vaults:3
 Depths (0/5) D:15          IceCv (visited)

Altars:
Ashenzari
Cheibriados
Dithmenos
Elyvilon
Fedhas
Gozag
Hepliaklqana
Kikubaaqudgha
Makhleb
Nemelex Xobeh
Okawaru
Qazlal
Ru
Sif Muna
Trog
Uskayaw
Vehumet
Wu Jian
Xom
Yredelemnul
Zin
The Shining One
Beogh

Shops:
D:6 *[=   D:13 *?*   D:15 **   Orc:1 =[   Orc:2 ?:?!   Snake:3 *   Snake:4 [
Vaults:2 (

Portals:
Trove: D:15 (give +7 demon trident)

Annotations:
Vaults:1 2 runed translucent doors, frankcastle's ghost, adept GnWn


Innate Abilities, Weirdness & Mutations

Your experience applies equally to all skills.
You have very sharp teeth.
Your uncanny sense of smell can sniff out nearby items.


Message History

Casting: Fulminant Prism (safe; 1% risk of failure)
Confirm with . or Enter, or press ? or * to list all spells.
Aiming: Iron Shot (dangerous; 2% risk of failure)
Press: ? - help, Shift-Dir - straight line, f - yaktaur
Aim: a yaktaur, quivering 20 bolts (severely wounded)
You feel a surge of power!
The iron shot hits the yaktaur!!!
You kill the yaktaur!
Sif Muna accepts your kill.
The centaur warrior shoots an arrow.
The arrow hits you!!
* * * LOW HITPOINT WARNING * * *
The yaktaur shoots a bolt.
The bolt hits your fulminant prism.
Your fulminant prism explodes!
The blast of energy engulfs the yaktaur!
The yaktaur is severely wounded.
The deep elf mage casts a spell.
The deep elf mage blinks!
The hornet closely misses you.
Press: ? - help, Dir - move target cursor
As you read the scroll of blinking, it crumbles to dust.
The deep elf archer hits you with a +0 dagger!
You die...

#.po.# #.ecp# #....#
#....+ +....# #....+
∆ +....# #.(..# ∆
#....# ).)((# #....#
#..ep##########....#
#..)oecp(..(§)#....#
#..c.#(c(.(..8ye@..#
################+###


You could see a deep elf archer (repels missiles), a hornet and a friendly
lightning spire (summoned).

Vanquished Creatures
  Mara (Swamp:3)
  Vashnia (Snake:2)
  Bai Suzhen (Swamp:4)
  Nikola (Swamp:4)
  2 sphinxes
  Frances (D:13)
  The ghost of brae the Bludgeoner, an adept HuBe of Trog (D:15)
  5 thorn hunters
  10 nagarajas
  2 frost giants (Vaults:4)
  3 vault wardens
  Louise (Snake:1)
  Aizul (Snake:4)
  A deep elf sorcerer (Vaults:1)
  The ghost of burt the Thaumaturge, a journeyman DrCj of Vehumet (Orc:1)
  The ghost of Wairalebb the Basher, a journeyman BaFi of Cheibriados (Lair:4)
  6 ironheart preservers
  6 very ugly things (Vaults:4)
  3 war gargoyles
  2 stone giants
  An entropy weaver (Vaults:1)
  A vampire knight (Vaults:3)
  Nessos (D:12)
  A deep elf demonologist (Vaults:1)
  A deep elf annihilator (Vaults:4)
  A minotaur (Lair:4)
  A deep elf death mage (Vaults:1)
  2 ettins
  A great orb of eyes (Vaults:3)
  2 ice dragons
  Fannar (Lair:3)
  4 yaktaur captains
  A vault guard (D:14)
  The ghost of HellBreezer the Cleaver, a journeyman DDFi of Makhleb (Lair:1)
  22 hydras
  9 boulder beetles
  A catoblepas (Lair:4)
  17 naga warriors
  11 anacondas
  20 two-headed ogres
  8 centaur warriors
  12 alligators
  4 ghost crabs
  2 shambling mangroves
  2 death knights (Vaults:3)
  2 tengu warriors (D:15)
  8 ogre magi
  4 orc high priests
  8 shock serpents
  12 naga sharpshooters
  6 salamander mystics
  A flayed ghost (Vaults:3)
  2 shadow wraiths (Vaults:3)
  An unseen horror (shapeshifter) (Vaults:3)
  14 orc knights
  2 deep elf archers (Vaults:4)
  4 glowing orange brains
  2 wizards
  4 naga ritualists (Snake:4)
  2 phantasmal warriors
  10 swamp dragons
  A deep elf mage (Vaults:3)
  8 deep trolls
  Pikel (D:5)
  A lindwurm (Lair:4)
  A harpy (shapeshifter) (Vaults:4)
  3 ironbrand convokers
  A manticore (D:11)
  8 necromancers
  2 oklob plants (Lair:2)
  11 mana vipers
  4 orc sorcerers
  A mana viper (shapeshifter) (D:13)
  3 wolf spiders
  15 salamanders
  21 ugly things
  5 cyclopes
  11 guardian serpents
  17 naga magi
  5 vault sentinels
  22 black mambas
  2 centaur zombies
  2 ice statues (IceCv)
  17 cane toads
  6 centaur skeletons
  2 gargoyles
  6 freezing wraiths
  4 komodo dragons
  3 rime drakes
  A kobold demonologist (D:15)
  An efreet (D:13)
  6 ice devils (IceCv)
  17 yaktaurs
  Grinder (D:6)
  18 hornets
  2 trolls
  A dream sheep (Lair:4)
  10 tyrant leeches
  14 slime creatures
  2 bog bodies
  8 blink frogs (Lair:1)
  5 spriggans
  5 shadows
  A wyvern (shapeshifter) (Vaults:3)
  A redback (Vaults:1)
  15 humans (D:14)
  A vampire (D:12)
  A tarantella (Vaults:1)
  51 yaks
  4 wyverns
  2 wraiths
  2 basilisks
  2 steam dragons
  12 insubstantial wisps
  Menkaure (D:7)
  2 wargs
  20 swamp worms
  49 nagas
  15 vampire mosquitoes
  4 acid dragons
  14 water moccasins
  14 swamp drakes
  46 orc warriors
  5 sky beasts
  4 black bears
  4 ice beasts
  An ogre (shapeshifter) (D:13)
  A necrophage (D:13)
  23 ogres
  4 phantoms
  10 boggarts
  8 wolves (Lair:3)
  19 centaurs
  3 big kobolds
  2 lemures (D:5)
  A wyvern zombie (D:14)
  21 bullfrogs
  A deep troll simulacrum (Vaults:3)
  4 scorpions
  8 wights
  4 electric eels
  2 howler monkeys (D:9)
  A bullfrog zombie (D:12)
  A draconian simulacrum (IceCv)
  A lava snake (D:7)
  2 quasits
  5 hounds
  A jelly (D:7)
  39 orc priests
  38 orc wizards
  2 bullfrog skeletons
  3 iguanas
  A warg simulacrum (Orc:1)
  Natasha (thrice) (D:2)
  Terence (D:3)
  3 spectral orcs (Orc:1)
  2 troll simulacra (IceCv)
  5 worker ants
  A spriggan simulacrum (IceCv)
  A centaur simulacrum (IceCv)
  2 hound skeletons
  2 worker ant zombies
  12 adders
  2 naga simulacra (IceCv)
  3 ogre simulacra (IceCv)
  A shadow imp (D:5)
  3 white imps
  An ufetubus (D:9)
  2 oozes (D:3)
  3 orc simulacra (Orc:1)
  An adder zombie (D:7)
  A spectral gnoll (Orc:1)
  3 worms
  2 dart slugs (D:1)
  6 leopard geckos
  104 orcs
  11 giant cockroaches
  8 goblins
  10 hobgoblins
  15 jackals
  23 kobolds
  5 quokkas
  7 ball pythons
  10 bats
  4 frilled lizards
  A jackal skeleton (D:4)
  2 leopard gecko zombies
  8 rats
  4 briar patches (Swamp:3)
  2 butterflies
  2 fulminant prisms
1285 creatures vanquished.

Vanquished Creatures (collateral kills)
  A frost giant (D:15)
  A stone giant (Vaults:3)
  2 very ugly things
  An ironheart preserver (Vaults:3)
  A yaktaur captain (Vaults:3)
  An ogre mage (Vaults:1)
  2 ice dragons
  A centaur warrior (Vaults:2)
  7 two-headed ogres
  A deep elf knight (Vaults:2)
  A skeletal warrior (Vaults:3)
  2 deep trolls (Vaults:4)
  An orc knight (Vaults:1)
  2 ironbrand convokers
  3 ugly things
  A deep elf mage (D:13)
  2 vault sentinels (Vaults:3)
  2 yaktaurs (Vaults:2)
  A komodo dragon (shapeshifter) (Vaults:4)
  A freezing wraith (Vaults:3)
  2 redbacks (Vaults:1)
  A yak (D:13)
  4 orc warriors
  3 boggarts
  2 ogres
  A bullfrog (D:15)
  2 orc priests (Vaults:2)
  4 orcs
  A fulminant prism (Vaults:2)
54 creatures vanquished.

Vanquished Creatures (others)
  A slime creature (Swamp:2)
  A hornet (Swamp:2)
  1309 fulminant prisms
  30 fungi
  73 plants
1414 creatures vanquished.

Grand Total: 2753 creatures vanquished

Notes
Turn   | Place    | Note
-------+----------+-------------------------------------------
     0 | D:1      | robertstho the Gnoll Conjurer began the quest for the Orb.
     0 | D:1      | Reached XP level 1. HP: 13/13 MP: 6/6
    53 | D:1      | Reached XP level 2. HP: 19/19 MP: 2/7
   461 | D:1      | Reached XP level 3. HP: 25/25 MP: 6/9
   471 | D:1      | Learned a level 2 spell: Searing Ray
   475 | D:1      | Learned a level 3 spell: Dazzling Flash
   598 | D:1      | Reached skill level 5 in Spellcasting
   763 | D:1      | Reached skill level 1 in Invocations
  1056 | D:2      | Reached skill level 1 in Fighting
  1056 | D:2      | Reached skill level 1 in Short Blades
  1056 | D:2      | Reached skill level 1 in Long Blades
  1056 | D:2      | Reached skill level 1 in Axes
  1056 | D:2      | Reached skill level 1 in Maces & Flails
  1056 | D:2      | Reached skill level 1 in Polearms
  1056 | D:2      | Reached skill level 1 in Staves
  1056 | D:2      | Reached skill level 1 in Slings
  1056 | D:2      | Reached skill level 1 in Bows
  1056 | D:2      | Reached skill level 1 in Crossbows
  1056 | D:2      | Reached skill level 1 in Throwing
  1056 | D:2      | Reached skill level 1 in Armour
  1056 | D:2      | Reached skill level 1 in Shields
  1056 | D:2      | Reached skill level 1 in Unarmed Combat
  1056 | D:2      | Reached skill level 1 in Evocations
  1232 | D:2      | Reached XP level 4. HP: 32/32 MP: 7/11
  1686 | D:2      | Noticed Natasha
  1689 | D:2      | Killed Natasha
  1689 | D:2      | Reached skill level 1 in Hexes
  1689 | D:2      | Reached skill level 1 in Summonings
  1689 | D:2      | Reached skill level 1 in Necromancy
  1689 | D:2      | Reached skill level 1 in Translocations
  1689 | D:2      | Reached skill level 1 in Transmutations
  1689 | D:2      | Reached skill level 1 in Fire Magic
  1689 | D:2      | Reached skill level 1 in Ice Magic
  1689 | D:2      | Reached skill level 1 in Air Magic
  1689 | D:2      | Reached skill level 1 in Earth Magic
  1689 | D:2      | Reached skill level 1 in Poison Magic
  1822 | D:2      | Noticed Natasha
  1826 | D:2      | Killed Natasha
  1826 | D:2      | Reached XP level 5. HP: 37/37 MP: 8/12
  2045 | D:2      | Noticed Natasha
  2051 | D:2      | Killed Natasha
  2404 | D:3      | Reached XP level 6. HP: 43/44 MP: 1/13
  2658 | D:2      | Learned a level 4 spell: Fulminant Prism
  2663 | D:2      | Learned a level 4 spell: Iskenderun's Mystic Blast
  3025 | D:3      | Reached skill level 5 in Dodging
  3392 | D:3      | Noticed Terence
  3396 | D:3      | Killed Terence
  3899 | D:4      | Reached XP level 7. HP: 50/50 MP: 6/15
  4529 | D:4      | Reached skill level 5 in Stealth
  4917 | D:4      | Reached XP level 8. HP: 57/57 MP: 13/16
  4918 | D:4      | Found a hide-covered altar of Uskayaw.
  5032 | D:5      | Entered Level 5 of the Dungeon
  5284 | D:5      | Noticed Pikel
  5298 | D:5      | Killed Pikel
  5611 | D:5      | Found an ornate altar of the Wu Jian Council.
  5956 | D:6      | Noticed Grinder
  5956 | D:6      | Paralysed by Grinder for 5 turns
  5970 | D:6      | Killed Grinder
  5970 | D:6      | Reached XP level 9. HP: 56/65 MP: 4/18
  6038 | D:6      | Found a staircase to the Ecumenical Temple.
  6281 | Temple   | Entered the Ecumenical Temple
  6500 | D:6      | Found Gaaghoim's General Store.
  6503 | D:6      | Bought a scroll of magic mapping for 49 gold pieces
  6503 | D:6      | Bought a potion of heal wounds for 70 gold pieces
  6503 | D:6      | Bought a scroll of teleportation for 42 gold pieces
  6661 | D:6      | Found Gaob's Jewellery Boutique.
  6728 | D:6      | Found Peamn's Armour Emporium.
  6947 | D:6      | Found a glowing silver altar of Zin.
  6947 | D:6      | Noticed an angel
  6967 | D:6      | Got a faintly glowing lead ring
  7157 | D:7      | Noticed Menkaure
  7163 | D:7      | Killed Menkaure
  7373 | D:7      | Reached skill level 5 in Invocations
  7555 | D:7      | Found an opulent altar of Gozag.
  7769 | D:7      | Found a shimmering altar of Xom.
  7984 | D:8      | Reached XP level 10. HP: 73/73 MP: 14/20
  8114 | D:8      | Reached skill level 5 in Fighting
  8114 | D:8      | Reached skill level 5 in Short Blades
  8114 | D:8      | Reached skill level 5 in Long Blades
  8114 | D:8      | Reached skill level 5 in Axes
  8114 | D:8      | Reached skill level 5 in Maces & Flails
  8114 | D:8      | Reached skill level 5 in Polearms
  8114 | D:8      | Reached skill level 5 in Staves
  8114 | D:8      | Reached skill level 5 in Slings
  8114 | D:8      | Reached skill level 5 in Bows
  8114 | D:8      | Reached skill level 5 in Crossbows
  8114 | D:8      | Reached skill level 5 in Throwing
  8114 | D:8      | Reached skill level 5 in Armour
  8114 | D:8      | Reached skill level 5 in Shields
  8114 | D:8      | Reached skill level 5 in Unarmed Combat
  8114 | D:8      | Reached skill level 5 in Evocations
  8131 | D:8      | Noticed a two-headed ogre
  8354 | D:7      | Identified the ring of the Morning {rPois rN+ MR+ Int+4}
                  | (You found it on level 6 of the Dungeon)
  8387 | D:8      | Killed a two-headed ogre
  8481 | D:8      | Noticed a two-headed ogre
  8496 | D:8      | Killed a two-headed ogre
  8598 | D:8      | Found a staircase to the Lair.
  8940 | D:8      | Found an ancient bone altar of Kikubaaqudgha.
  8941 | D:8      | Found a shimmering blue altar of Sif Muna.
  8943 | D:8      | Found a radiant altar of Vehumet.
  8949 | D:8      | Identified Vehumet's Disquisition on Confrontation
  9225 | D:8      | Became a worshipper of Sif Muna the Loreminder
  9322 | D:9      | Found a shadowy altar of Dithmenos.
  9323 | D:9      | Found a burning altar of Makhleb.
  9325 | D:9      | Found a bloodstained altar of Trog.
  9326 | D:9      | Found a blossoming altar of Fedhas.
  9349 | D:9      | Found a sacrificial altar of Ru.
  9485 | D:9      | Identified the +6 plate armour of the Immovable Visions
                  | {rElec rC+ Int+3}
  9734 | D:9      | Found a staircase to the Orcish Mines.
  9781 | D:9      | Learned a level 5 spell: Iskenderun's Battlesphere
  9796 | D:10     | Entered Level 10 of the Dungeon
  9998 | D:10     | Reached XP level 11. HP: 81/81 MP: 12/22
 10013 | D:10     | Reached * piety under Sif Muna
 10053 | D:10     | Noticed a seven-headed hydra
 10065 | D:10     | Killed a seven-headed hydra
 10065 | D:10     | Reached skill level 5 in Hexes
 10065 | D:10     | Reached skill level 5 in Summonings
 10065 | D:10     | Reached skill level 5 in Necromancy
 10065 | D:10     | Reached skill level 5 in Translocations
 10065 | D:10     | Reached skill level 5 in Transmutations
 10065 | D:10     | Reached skill level 5 in Fire Magic
 10065 | D:10     | Reached skill level 5 in Ice Magic
 10065 | D:10     | Reached skill level 5 in Air Magic
 10065 | D:10     | Reached skill level 5 in Earth Magic
 10065 | D:10     | Reached skill level 5 in Poison Magic
 10389 | D:10     | Noticed a centaur warrior
 10399 | D:10     | Killed a centaur warrior
 11357 | D:11     | Noticed a manticore
 11361 | D:11     | Killed a manticore
 11500 | D:11     | Noticed a boulder beetle
 11539 | D:11     | Killed a boulder beetle
 11735 | D:11     | Learned a level 5 spell: Bolt of Magma
 12118 | D:11     | Noticed a green ugly thing
 12138 | D:11     | Killed a green ugly thing
 12416 | D:12     | Reached ** piety under Sif Muna
 12577 | D:12     | Noticed Nessos
 12591 | D:12     | HP: 2/83 [Nessos/arrow (5)]
 12592 | D:12     | Killed Nessos
 12592 | D:12     | Reached XP level 12. HP: 2/89 MP: 5/24
 14102 | Lair:1   | Entered Level 1 of the Lair of Beasts
 14821 | Lair:1   | Noticed HellBreezer's ghost (journeyman DDFi)
 14829 | Lair:1   | Found a runed translucent door.
 14862 | Lair:1   | Got an encrusted spear
 14862 | Lair:1   | Identified the cursed +1 spear of True Grit {vorpal, rElec
                  | Str-3 Dex+2} (You found it on level 1 of the Lair of
                  | Beasts)
 15248 | Lair:2   | Noticed an eight-headed hydra
 15253 | Lair:2   | Killed an eight-headed hydra
 15344 | Lair:2   | Found a staircase to the Swamp.
 15925 | Lair:2   | Reached XP level 13. HP: 98/98 MP: 23/26
 16301 | Lair:2   | Reached *** piety under Sif Muna
 16848 | Lair:3   | Noticed Fannar
 17038 | Lair:3   | Killed Fannar
 17712 | Lair:3   | Reached skill level 10 in Conjurations
 18767 | Lair:4   | Found a staircase to the Snake Pit.
 19047 | Lair:4   | Noticed Wairalebb's ghost (journeyman BaFi)
 19052 | Lair:4   | Noticed a minotaur
 19066 | Lair:4   | Found a runed translucent gate.
 19066 | Lair:4   | Found a runed translucent gate.
 19066 | Lair:4   | Found a runed translucent gate.
 19480 | Lair:4   | Killed a minotaur
 19495 | Lair:4   | Killed Wairalebb's ghost
 19495 | Lair:4   | Reached skill level 10 in Spellcasting
 19533 | Lair:4   | Got a jewelled arbalest
 19533 | Lair:4   | Identified the cursed +1 arbalest of Broken Luck {penet,
                  | Stlth+} (You found it on level 4 of the Lair of Beasts)
 19856 | Lair:1   | Killed HellBreezer's ghost
 20243 | Orc:1    | Entered Level 1 of the Orcish Mines
 20265 | Orc:1    | Found a frozen archway.
 20334 | IceCv    | Entered an ice cave
 20430 | IceCv    | Reached XP level 14. HP: 99/106 MP: 5/28
 20531 | IceCv    | Reached **** piety under Sif Muna
 20736 | IceCv    | Reached skill level 10 in Dodging
 20876 | IceCv    | Found the +2 cloak of the Thief {*Fog Slay-2 SInv Stlth+}
 21316 | Orc:1    | Found Sotijev's Antique Armour Shoppe.
 21336 | Orc:1    | Found Ethreolo's Jewellery Shoppe.
 21373 | Orc:1    | Found a roughly hewn altar of Beogh.
 21475 | Orc:1    | Found a runed translucent gate.
 21475 | Orc:1    | Found a runed translucent gate.
 21475 | Orc:1    | Found a runed translucent gate.
 21475 | Orc:1    | Noticed burt's ghost (journeyman DrCj)
 21713 | Orc:2    | Entered Level 2 of the Orcish Mines
 22111 | Orc:2    | Reached skill level 10 in Stealth
 22381 | Orc:2    | Found a staircase to the Elven Halls.
 22824 | Orc:2    | Reached skill level 10 in Invocations
 23427 | Orc:2    | Found Xoth's Magic Scroll Shop.
 23427 | Orc:2    | Found Eddoim's Book Shop.
 23430 | Orc:2    | Found Hitroteu's Distillery.
 23432 | Orc:2    | Found Piarph's Magic Scroll Boutique.
 23434 | Orc:2    | Bought a scroll of enchant armour for 90 gold pieces
 23434 | Orc:2    | Bought a scroll of torment for 90 gold pieces
 23434 | Orc:2    | Bought a scroll of silence for 90 gold pieces
 23434 | Orc:2    | Bought a scroll of blinking for 90 gold pieces
 23434 | Orc:2    | Bought a scroll of teleportation for 36 gold pieces
 23434 | Orc:2    | Bought a scroll of fear for 42 gold pieces
 23436 | Orc:2    | Bought a potion of curing for 33 gold pieces
 23436 | Orc:2    | Bought a potion of heal wounds for 55 gold pieces
 23436 | Orc:2    | Bought a potion of heal wounds for 55 gold pieces
 23436 | Orc:2    | Bought a potion of curing for 33 gold pieces
 23436 | Orc:2    | Bought a potion of curing for 33 gold pieces
 23437 | Orc:2    | Bought a scroll of identify for 28 gold pieces
 23437 | Orc:2    | Bought a scroll of identify for 28 gold pieces
 23437 | Orc:2    | Bought a scroll of acquirement for 728 gold pieces
 23439 | Orc:2    | Acquired an uncursed staff of conjuration
 23595 | Orc:1    | Reached ***** piety under Sif Muna
 23595 | Orc:1    | Identified Hiha's Compendium of Arcane Weapons (Sif Muna
                  | gifted it to you on level 1 of the Orcish Mines)
 23595 | Orc:1    | Received a gift from Sif Muna
 23602 | Orc:1    | Killed burt's ghost
 23939 | Swamp:1  | Entered Level 1 of the Swamp
 24490 | Swamp:1  | Learned a level 5 spell: Metabolic Englaciation
 25063 | Swamp:2  | Noticed a thorn hunter
 25395 | Swamp:2  | Killed a thorn hunter
 25395 | Swamp:2  | Reached XP level 15. HP: 115/115 MP: 11/29
 26385 | Swamp:3  | Noticed a thorn hunter
 26396 | Swamp:3  | Killed a thorn hunter
 26575 | Swamp:3  | Noticed Mara
 26587 | Swamp:3  | Noticed robertstho's illusion
 26850 | Swamp:3  | Killed Mara
 26850 | Swamp:3  | Reached skill level 10 in Fighting
 26850 | Swamp:3  | Reached skill level 10 in Short Blades
 26850 | Swamp:3  | Reached skill level 10 in Long Blades
 26850 | Swamp:3  | Reached skill level 10 in Axes
 26850 | Swamp:3  | Reached skill level 10 in Maces & Flails
 26850 | Swamp:3  | Reached skill level 10 in Polearms
 26850 | Swamp:3  | Reached skill level 10 in Staves
 26850 | Swamp:3  | Reached skill level 10 in Slings
 26850 | Swamp:3  | Reached skill level 10 in Bows
 26850 | Swamp:3  | Reached skill level 10 in Crossbows
 26850 | Swamp:3  | Reached skill level 10 in Throwing
 26850 | Swamp:3  | Reached skill level 10 in Armour
 26850 | Swamp:3  | Reached skill level 10 in Shields
 26850 | Swamp:3  | Reached skill level 10 in Unarmed Combat
 26850 | Swamp:3  | Reached skill level 10 in Evocations
 27938 | Swamp:4  | Entered Level 4 of the Swamp
 27942 | Swamp:4  | Noticed a thorn hunter
 27956 | Swamp:4  | Killed a thorn hunter
 28236 | Swamp:4  | Noticed a thorn hunter
 28246 | Swamp:4  | Killed a thorn hunter
 28737 | Swamp:4  | Reached XP level 16. HP: 107/123 MP: 0/31
 29259 | Swamp:4  | Noticed a thorn hunter
 29673 | Swamp:4  | Noticed Bai Suzhen
 29724 | Swamp:3  | Learned a level 6 spell: Iron Shot
 29746 | Swamp:4  | Killed Bai Suzhen
 29746 | Swamp:4  | Noticed Nikola
 29756 | Swamp:4  | Killed Nikola
 30127 | Swamp:4  | Acquired the ring of Zyraituo {rC+ Int+3 Dex+5}
 30878 | Swamp:4  | Got a decaying rune of Zot
 31005 | Swamp:4  | Killed a thorn hunter
 31353 | Snake:1  | Entered Level 1 of the Snake Pit
 31927 | Snake:1  | Noticed Louise
 31952 | Snake:1  | Killed Louise
 32878 | Snake:2  | Found a snail-covered altar of Cheibriados.
 32896 | Snake:2  | Noticed Vashnia
 33088 | Snake:2  | Noticed a nagaraja
 33088 | Snake:2  | Killed a nagaraja
 33352 | Snake:2  | Reached XP level 17. HP: 129/131 MP: 13/33
 33652 | Snake:2  | Killed Vashnia
 35359 | Snake:3  | Got a steaming cloak
 35360 | Snake:3  | Identified the +1 cloak "Juim" {+Inv rPois rCorr Int-4
                  | SInv} (You found it on level 3 of the Snake Pit)
 36204 | Snake:3  | Found Neen's Assorted Antiques.
 36273 | Snake:4  | Entered Level 4 of the Snake Pit
 37129 | Snake:4  | Reached skill level 10 in Hexes
 37129 | Snake:4  | Reached skill level 10 in Summonings
 37129 | Snake:4  | Reached skill level 10 in Necromancy
 37129 | Snake:4  | Reached skill level 10 in Translocations
 37129 | Snake:4  | Reached skill level 10 in Transmutations
 37129 | Snake:4  | Reached skill level 10 in Fire Magic
 37129 | Snake:4  | Reached skill level 10 in Ice Magic
 37129 | Snake:4  | Reached skill level 10 in Air Magic
 37129 | Snake:4  | Reached skill level 10 in Earth Magic
 37129 | Snake:4  | Reached skill level 10 in Poison Magic
 37419 | Snake:4  | Noticed Aizul
 37426 | Snake:4  | Killed Aizul
 37806 | Snake:4  | Found Ymeo's Antique Armour Shoppe.
 38037 | Snake:4  | Reached XP level 18. HP: 109/140 MP: 34/34
 38862 | Snake:4  | Received a gift from Sif Muna
 39730 | Snake:4  | Got a serpentine rune of Zot
 40037 | Snake:4  | Learned a level 4 spell: Summon Lightning Spire
 40373 | D:13     | Noticed Frances
 40377 | D:13     | Killed Frances
 40713 | D:13     | Found Byh Apac's Magic Scroll Emporium.
 41182 | D:13     | Found Odetik's Assorted Antiques.
 41414 | D:13     | Found Voczybest's Assorted Antiques.
 41422 | D:13     | Bought a lumpy cyan potion for 25 gold pieces
 41715 | D:14     | Found a shimmering altar of Xom.
 41739 | D:14     | Identified Sif Muna's Tome of the Ashen Entourage (Sif Muna
                  | gifted it to you on level 14 of the Dungeon)
 41739 | D:14     | Received a gift from Sif Muna
 42765 | D:14     | Identified the cursed +1 rapier of Dishonesty {pain, rF++
                  | rN++ Int-2}
 42828 | D:14     | Found a gate to the Vaults.
 42909 | D:15     | Entered Level 15 of the Dungeon
 42961 | D:15     | Reached XP level 19. HP: 125/147 MP: 28/36
 43154 | D:15     | Found a staircase to the Depths.
 43285 | D:15     | Found a portal to a secret trove of treasure.
 43633 | D:15     | Found a runed translucent gate.
 43633 | D:15     | Found a runed translucent gate.
 43633 | D:15     | Found an opulent altar of Gozag.
 43633 | D:15     | Found a runed translucent gate.
 43633 | D:15     | Found Maeclat's Assorted Antiques.
 43636 | D:15     | Found Listrud's Assorted Antiques.
 43636 | D:15     | Noticed brae's ghost (adept HuBe)
 44080 | D:15     | Killed brae's ghost
 44498 | D:15     | Bought a pair of smoking boots for 266 gold pieces
 44498 | D:15     | Bought a potion of magic for 224 gold pieces
 44513 | D:15     | Identified the +0 pair of boots of Sloth {MP+9 Str-3 Dex+3}
                  | (You bought it in a shop on level 15 of the Dungeon)
 44528 | D:15     | Upgraded the game from 0.26-a0-662-g8b9c6dab81 to
                  | 0.26-a0-663-g36e8fdb655
 44566 | Vaults:1 | Entered Level 1 of the Vaults
 44611 | Vaults:1 | Identified Sif Muna's Almanac of Supportive Malediction
                  | (Sif Muna gifted it to you on level 1 of the Vaults)
 44611 | Vaults:1 | Received a gift from Sif Muna
 44672 | Vaults:1 | Found a large runed translucent door.
 44672 | Vaults:1 | Found a large runed translucent door.
 44672 | Vaults:1 | Noticed frankcastle's ghost (adept GnWn)
 46118 | Vaults:1 | Paralysed by an ogre mage for 4 turns
 46865 | Vaults:1 | Identified Sif Muna's Collected Works on Spatial Evil (Sif
                  | Muna gifted it to you on level 1 of the Vaults)
 46865 | Vaults:1 | Received a gift from Sif Muna
 47379 | Vaults:2 | You fall into a shaft and drop 2 floors!
 48339 | Vaults:4 | Reached XP level 20. HP: 156/156 MP: 37/37
 49511 | Vaults:4 | Received a gift from Sif Muna
 50024 | Vaults:3 | Found a staircase to the Crypt.
 50084 | Vaults:3 | Paralysed by a vampire knight for 3 turns
 50418 | Vaults:3 | You fall into a shaft and drop 1 floor!
 51629 | Vaults:3 | Identified Sif Muna's Hermeneutics, Part Five (Sif Muna
                  | gifted it to you on level 3 of the Vaults)
 51629 | Vaults:3 | Received a gift from Sif Muna
 52266 | Vaults:2 | Found Zadghan's Weapon Shoppe.
 52308 | Vaults:2 | Slain by a deep elf archer

Illustrated notes

Levels and vault maps discovered:
D:1:      nicolae_arrival_memento_mori, layout_rooms
D:2:      layout_basic, minmay_shallow_snake_nest, uniq_natasha
D:3:      layout_loops_ring, serial_bayou, serial_bayou_pond_e,
          serial_bayou_pond_a, serial_bayou_pond_a, serial_bayou_lagoon_b,
          uniq_terence
D:4:      layout_rooms, eat_drink_and_be_merry_uskayaw
D:5:      layout_loops_ring, basic_altar, uniq_pikel
D:6:      layout_basic, zin_angel, minmay_temple_entry_sparse_star,
          serial_shops, shop, kennysheep_little_box, kennysheep_mini,
          grunt_decor_cap, minmay_crossroads, uniq_grinder
D:7:      layout_loops_ring, nicolae_gozag_seed_capital, xom_butterflies,
          nicolae_lava_and_water, hex_large, uniq_menkaure
D:8:      layout_rooms, grunt_temple_overflow_magic_moments,
          david_lair_shrubbed, hangedman_abyss_or_decor_clamps
D:9:      layout_rooms, kennysheep_mini_moat, minitemple, orc_0_dummy
D:10:     layout_basic
D:11:     layout_stronghold
D:12:     layout_gridville, uniq_nessos
D:13:     layout_small_grid, serial_shops, nicolae_shop_crystal, shop, shop,
          uniq_frances
D:14:     layout_roguey, grunt_vaults_entry_tiered, xom_teletrap_fun
D:15:     hangedman_depths_entry_civil_slaughter, layout_long_grid,
          dk_noncrumbling_4, ebering_ghost_gozag, nicolae_trove_entry_columns
Temple:   eino_wide_crystal_templ
Lair:1:   layout_misc_corridors, hellmonk_ghost_happy_afterlife,
          serial_bayou_pond_b, minivault_26
Lair:2:   layout_long_grid, minmay_swamp_entry_wisps, minmay_lair_oklob_chamber
Lair:3:   layout_gridlike, grunt_megastairs_1, infiniplex_staircase_pool,
          uniq_fannar
Lair:4:   layout_layer_cave, dummy_snake_entry, maelrawn_ghost_gauntlet_escape
Swamp:1:  layout_basic_swamp, evilmike_swamp_ruin_house_3
Swamp:2:  layout_falls_marsh, evilmike_swamp_ruin_rubble_1
Swamp:3:  layout_basic_swamp, evilmike_swamp_ruin_house_4, swamp_pool4,
          uniq_mara
Swamp:4:  swamp, layout_basic_swamp, uniq_bai_suzhen, uniq_nikola
Snake:1:  layout_onion, serial_bayou_shore_b, uniq_louise
Snake:2:  layout_basic, basic_altar, uniq_vashnia
Snake:3:  layout_honeycomb, serial_shops, nicolae_shop_stone
Snake:4:  johnstein_snake_rune_scales, layout_onion, serial_shops,
          nicolae_shop_window_shopping, serial_bayou_pond_c, grunt_megastairs_3,
          uniq_aizul
Orc:1:    layout_caves, gammafunk_ghost_necromancy, serial_shops, shop, shop,
          portal_ice_cave_rime, basic_altar
Orc:2:    st_orc_mages, layout_caves
Vaults:1: advil_vaults_ghost_guards, vaults_dpeg_diagonal,
          nicolae_vaults_gold_heap, v_misc_1, vaults_room_pools,
          vaults_dpeg_spiral, v_pattern_4, nicolae_vaults_network_barrier,
          v_misc_31, v_misc_5, v_misc_22, nicolae_vaults_shelves_hall,
          special_room_vaults [special_room_orc], vaults_room_semicircle,
          layout_vaults_maze_bifur
Vaults:2: v_misc_29, nicolae_vaults_theta, nicolae_vaults_little_squares_3,
          v_rooms_6, v_misc_13, ontoclasm_vaults_chip, v_misc_5,
          nicolae_vaults_statue_guard, hangedman_vaults_trim,
          vaults_mumra_hexcomb, ontoclasm_vaults_idyll,
          nicolae_vaults_diagonal_hallway_9, grunt_vaults_focal,
          layout_vaults_omnibox, serial_shops,
          nicolae_shop_temple_entry_statues_fountains
Vaults:3: hangedman_vaults_stitches, ontoclasm_vaults_idyll,
          grunt_vaults_diagonal, st_cells, vaults_room_ringed_pool, v_misc_19,
          minmay_crypt_entry_simple_corners, nicolae_vaults_mini_display_case,
          hangedman_vaults_cutoff, dpeg_vaults_monster_row, vaults_room_pools,
          v_pattern_1, vaults_mumra_minichess, serial_ice_h,
          ontoclasm_vaults_loading_screen, layout_vaults_big_cross
Vaults:4: v_misc_15, vaults_room_pool, vaults_room_glass_cross,
          vaults_dpeg_doors, v_misc_15, vaults_standard_mumra_x,
          dpeg_vaults_monster_box, layout_vaults_big_room

Skill      XL: |  1  2  3  4  5  6  7  8  9 10 11 12 13 14 15 16 17 18 19 20 |
---------------+-------------------------------------------------------------+-----
Spellcasting   | 5 6 7 8 9 10 11 12 13 14 | 14.4
Invocations    | 1 2 3 4 5 6 7 8 9 10 11 12 13 14 | 14.7
Fighting       | 1 2 3 4 5 6 7 8 9 10 11 12 13 | 13.6
Short Blades   | 1 2 3 4 5 6 7 8 9 10 11 12 13 14 | 14.2
Long Blades    | 1 2 3 4 5 6 7 8 9 10 11 12 13 | 13.6
Axes           | 1 2 3 4 5 6 7 8 9 10 11 12 13 | 13.6
Maces & Flails | 1 2 3 4 5 6 7 8 9 10 11 12 13 | 13.6
Polearms       | 1 2 3 4 5 6 7 8 9 10 11 12 13 | 13.6
Staves         | 1 2 3 4 5 6 7 8 9 10 11 12 13 | 13.6
Slings         | 1 2 3 4 5 6 7 8 9 10 11 12 13 | 13.6
Bows           | 1 2 3 4 5 6 7 8 9 10 11 12 13 | 13.6
Crossbows      | 1 2 3 4 5 6 7 8 9 10 11 12 13 | 13.6
Throwing       | 1 2 3 4 5 6 7 8 9 10 11 12 13 | 13.6
Armour         | 1 2 3 4 5 6 7 8 9 10 11 12 13 | 13.6
Shields        | 1 2 3 4 5 6 7 8 9 10 11 12 13 | 13.6
Unarmed Combat | 1 2 3 4 5 6 7 8 9 10 11 12 13 | 13.6
Evocations     | 1 2 3 4 5 6 7 8 9 10 11 12 13 | 13.6
Hexes          | 1 2 3 4 5 6 7 8 9 10 11 | 11.7
Summonings     | 1 2 3 4 5 6 7 8 9 10 11 | 11.7
Necromancy     | 1 2 3 4 5 6 7 8 9 10 11 | 11.7
Translocations | 1 2 3 4 5 6 7 8 9 10 11 | 11.7
Transmutations | 1 2 3 4 5 6 7 8 9 10 11 | 11.7
Fire Magic     | 1 2 3 4 5 6 7 8 9 10 11 | 11.7
Ice Magic      | 1 2 3 4 5 6 7 8 9 10 11 | 11.7
Air Magic      | 1 2 3 4 5 6 7 8 9 10 11 | 11.7
Earth Magic    | 1 2 3 4 5 6 7 8 9 10 11 | 11.7
Poison Magic   | 1 2 3 4 5 6 7 8 9 10 11 | 11.7
Dodging        | 5 6 7 8 9 10 11 12 13 14 | 14.2
Stealth        | 5 6 7 8 9 10 11 12 13 14 | 14.2
Conjurations   | 8 9 10 11 12 13 | 13.4

Action                   |  1- 3 |  4- 6 |  7- 9 | 10-12 | 13-15 | 16-18 | 19-21 || total
-------------------------+-------+-------+-------+-------+-------+-------+-------++-------
Melee: Unarmed           |     3 |       |       |       |       |       |       ||     3
       Dagger            |       |    32 |     2 |       |       |       |       ||    34
       Bite              |       |     2 |     2 |     4 |     2 |     2 |       ||    12
       Trident           |       |       |    12 |    26 |     1 |       |       ||    39
       Spear             |       |       |       |     7 |       |    10 |       ||    17
       Staff             |       |       |       |       |     2 |     2 |     4 ||     8
 Fire: Longbow           |       |       |       |    28 |     2 |       |       ||    30
 Cast: Magic Dart        |    51 |    24 |    13 |       |    10 |     5 |     4 ||   107
       Searing Ray       |     3 |    39 |    29 |    81 |    62 |     4 |    10 ||   228
       Fulminant Prism   |       |     4 |    72 |   153 |   319 |   440 |   326 ||  1314
       Dazzling Flash    |       |       |     2 |     2 |       |       |       ||     4
       Iskenderun's Batt |       |       |       |    14 |     6 |     3 |     3 ||    26
       Bolt of Magma     |       |       |       |     2 |   167 |    93 |    37 ||   299
       Iskenderun's Myst |       |       |       |     1 |     6 |    14 |       ||    21
       Metabolic Englaci |       |       |       |       |     7 |    19 |     3 ||    29
       Iron Shot         |       |       |       |       |       |   177 |   130 ||   307
       Summon Lightning  |       |       |       |       |       |     9 |    58 ||    67
Invok: Channel Magic     |       |       |       |     4 |    20 |    19 |    10 ||    53
       Divine Exegesis   |       |       |       |       |       |     1 |       ||     1
Evoke: Wand              |       |       |       |       |     1 |       |       ||     1
  Use: Potion            |       |     1 |     3 |     4 |     4 |     4 |     6 ||    22
       Scroll            |       |       |    12 |     8 |    15 |     6 |     2 ||    43
 Stab: Invisible         |       |       |     1 |       |       |       |       ||     1
Armor: Robe              |     3 |     9 |    15 |    19 |    67 |    46 |    34 ||   193
Dodge: Dodged            |     8 |    35 |    36 |   178 |   243 |   188 |   157 ||   845

Table legend: (Time is in decaauts)
 A = Elapsed time spent in this place.
 B = Non-inter-level travel time spent in this place.
 C = Inter-level travel time spent in this place.
 D = Time resting spent in this place.
 E = Time spent auto-exploring this place.
 F = Levels seen in this place.
 G = Mean time per level.
                   A        B        C        D        E       F      G
               +--------+--------+--------+--------+--------+-----+--------+
         Total |  52665 |  49859 |   2806 |  14829 |  26594 |  35 | 1504.7 |
       Dungeon |  18605 |  17249 |   1356 |   2442 |  12183 |  15 | 1240.3 |
        Temple |     61 |     48 |     13 |      0 |     48 |   1 |   61.0 |
          Lair |   6307 |   5673 |    634 |    722 |   4081 |   4 | 1576.8 |
         Swamp |   7605 |   7181 |    424 |   3609 |   2554 |   4 | 1901.2 |
     Snake Pit |   8760 |   8599 |    161 |   3750 |   3401 |   4 | 2190.0 |
  Orcish Mines |   2948 |   2831 |    117 |   1481 |    780 |   2 | 1474.0 |
        Vaults |   7745 |   7648 |     97 |   2544 |   3437 |   4 | 1936.2 |
      Ice Cave |    631 |    631 |      0 |    281 |    109 |   1 |  631.0 |
               +--------+--------+--------+--------+--------+-----+--------+

Top non-repeatable levels by time:
Vaults:4: 3016 daAuts
 Snake:3: 2943 daAuts
Vaults:1: 2765 daAuts
 Swamp:3: 2657 daAuts
 Snake:4: 2579 daAuts
 Swamp:4: 2125 daAuts
   Orc:1: 2002 daAuts
Vaults:3: 1873 daAuts
 Snake:1: 1872 daAuts
  Lair:2: 1866 daAuts
     D:3: 1725 daAuts
     D:2: 1681 daAuts
  Lair:4: 1654 daAuts
    D:15: 1632 daAuts
 Swamp:2: 1604 daAuts
